 Dungeon Crawl Stone Soup version 0.20.1-1-g8b1a95d (webtiles) character file.

251 Gargoyl the Chopper (level 5, -6/56 HPs)
             Began as a Minotaur Abyssal Knight on Sept 26, 2017.
             Was a Priest of Lugonu.
             Mangled by an ogre
             ... wielding a +0 giant spiked club
              (13 damage)
             ... on level 4 of the Dungeon.
             The game lasted 00:06:18 (3636 turns).

Gargoyl the Chopper (Minotaur Abyssal Knight)       Turns: 3636, Time: 00:06:18

Health: -6/56      AC:  7    Str: 16    XL:     5   Next: 88%
Magic:  6/6        EV: 10    Int:  9    God:    Lugonu [***...]
Gold:   180        SH:  3    Dex: 13    Spells: 4/4 levels left

rFire    . . .     SeeInvis .   a - +3 hand axe
rCold    . . .     Gourm    .   u - +0 buckler
rNeg     . . .     Faith    .   n - +0 ring mail
rPois    .         Spirit   .   (helmet restricted)
rElec    .         Reflect  .   (no cloak)
rCorr    .         Harm     .   (no gloves)
MR       .....                  (no boots)
Stlth    +.........             (no amulet)
Regen    0.2/turn               (no ring)
MPRegen  0.1/turn               (no ring)

@: lethally poisoned (-6 -> -7)
A: retaliatory headbutt, horns 2, molten scales 1, agile 1, robust 2
a: Depart the Abyss, Bend Space, Banish, Renounce Religion


You were on level 4 of the Dungeon.
You worshipped Lugonu.
Lugonu was most pleased with you.
You were hungry.

You visited 1 branch of the dungeon, and saw 4 of its levels.
You visited the Abyss 1 time.

You collected 180 gold pieces.

Inventory:

Hand Weapons
 a - a +3 hand axe (weapon)
Armour
 n - a +0 ring mail (worn)
 u - a +0 buckler (worn)
Jewellery
 t - a +4 ring of evasion {unknown}
 v - an uncursed ring of wizardry {unknown}
 x - an uncursed ring of positive energy {unknown}
Scrolls
 b - a scroll of enchant weapon
 d - 3 scrolls of teleportation
 f - a scroll of identify
 g - 3 scrolls of amnesia
 m - a scroll of blinking
 q - 2 scrolls of enchant armour
Potions
 e - a potion of flight {unknown}
 j - 2 potions of resistance {unknown}
 k - 2 potions of brilliance
 o - 4 potions of curing
 p - 2 potions of haste {unknown}
 r - a potion of ambrosia
 w - a potion of agility {unknown}
Comestibles
 c - 2 bread rations
 h - 9 fruits
 i - 3 meat rations
 l - 2 royal jellies


   Skills:
 + Level 4.4 Fighting
 + Level 4.7 Axes
 * Level 4.2 Armour
 + Level 2.0 Dodging
 + Level 0.2 Shields
 * Level 3.0 Invocations


You had 4 spell levels left.
You didn't know any spells.

Dungeon Overview and Level Annotations

Branches:
Dungeon (4/15)
 Temple: D:4-7

Altars:
Fedhas
Okawaru
Uskayaw


Innate Abilities, Weirdness & Mutations

You reflexively headbutt those who attack you in melee.
You have a pair of horns on your head.
You are partially covered in molten scales. (AC +2)
You are agile. (Dex +2)
You are very robust. (+20% HP)


Message History

You feel sick. The adder bites you. The adder bites you but does no damage.
You barely miss the adder.
The adder is almost dead.
The adder bites you but does no damage.
You slash the adder!
You kill the adder!
Lugonu accepts your kill.
The ogre hits you with a giant spiked club!!
Ouch! That really hurt!
You hit the ogre.
The ogre is lightly wounded.
You feel sick.
You hit the ogre. Your headbutt misses the ogre.
The ogre is moderately wounded.
The ogre hits you with a giant spiked club!
* * * LOW HITPOINT WARNING * * *
You hit the ogre.
The ogre is heavily wounded.
The ogre hits you with a giant spiked club!
You die...

#.#
#............#
#.#
#####...###.#
#.# ##.## #.#
#.# #.# #.# #.#
#.# ##### #.#
#.# ...#
#.####.#
#.######.!....#
#.....@O......
#.######.####.
#.# #
###########.#
............#
...##########
.#.##
....########
.#.......[..


You could see an ogre.

Vanquished Creatures
  A bullfrog skeleton (D:4)
  9 adders
  3 gnolls
  2 oozes (D:2)
  3 worms
  2 dart slugs (D:1)
  3 leopard geckos
  3 orcs
  9 bats
  6 giant cockroaches
  12 hobgoblins
  A quokka (D:4)
  2 ball pythons
  7 frilled lizards
  9 goblins
  11 kobolds
  8 rats
91 creatures vanquished.

Notes
Turn   | Place    | Note
-------+----------+-------------------------------------------
     0 | Abyss:1  | Gargoyl the Minotaur Abyssal Knight began the quest for the Orb.
     0 | Abyss:1  | Reached XP level 1. HP: 19/19 MP: 1/1
     1 | Abyss:1  | Found a corrupted altar of Lugonu.
    85 | Abyss:1  | Noticed a starcursed mass
    86 | Abyss:1  | Gained mutation: You are partially covered in molten scales. (AC +2) [potion of mutation]
    86 | Abyss:1  | Gained mutation: You are robust. (+10% HP) [potion of mutation]
    86 | Abyss:1  | Gained mutation: You are agile. (Dex +2) [potion of mutation]
    86 | Abyss:1  | Gained mutation: You are very robust. (+20% HP) [potion of mutation]
    87 | D:1      | Escaped the Abyss
    94 | D:1      | Noticed a wyvern
    94 | D:1      | Noticed a black mamba
    94 | D:1      | Noticed a crocodile
    95 | D:1      | Noticed a hound
   330 | D:1      | Reached * piety under Lugonu
   336 | D:1      | Reached XP level 2. HP: 18/32 MP: 2/2
   790 | D:1      | Reached XP level 3. HP: 36/39 MP: 3/3
  1307 | D:2      | Reached ** piety under Lugonu
  1452 | D:2      | Found a faded altar of an unknown god.
  1469 | D:2      | Reached XP level 4. HP: 45/48 MP: 4/4
  1897 | D:2      | Found a hide-covered altar of Uskayaw.
  2415 | D:3      | Reached XP level 5. HP: 56/56 MP: 6/6
  2922 | D:3      | Found an iron altar of Okawaru.
  3414 | D:4      | Reached *** piety under Lugonu
  3574 | D:4      | Found a blossoming altar of Fedhas.
  3623 | D:4      | Noticed an ogre
  3636 | D:4      | Mangled by an ogre

Skill      XL: |  1  2  3  4  5 |
---------------+----------------+-----
Fighting       | 4 |  4.4
Invocations    | 2 3 |  3.0
Armour         | 3 4 |  4.2
Axes           | 3 4 |  4.7
Dodging        | 2 |  2.0
Shields        | |  0.2

Action                   |  1- 3 |  4- 6 || total
-------------------------+-------+-------++-------
Melee: Hand axe          |    79 |   119 ||   198
       Headbutt          |     8 |    19 ||    27
Invok: Depart the Abyss  |     1 |       ||     1
  Use: Potion            |     1 |       ||     1
       Scroll            |     7 |     6 ||    13
  Eat: Chunk             |     1 |     7 ||     8
Armor: Leather armour    |    30 |    33 ||    63
       Ring mail         |       |    28 ||    28
Dodge: Dodged            |    53 |    99 ||   152
Block: Buckler           |       |     9 ||     9
